 Dungeon Crawl Stone Soup version 0.20.1-1-g8b1a95d (webtiles) character file.

282 Mgcat the Digger (level 6, -3/45 HPs)
             Began as a Draconian Earth Elementalist on Dec 23, 2017.
             Slain by Pikel
             ... wielding a +0 whip of flaming
              (6 damage)
             ... on level 3 of the Dungeon.
             The game lasted 00:21:31 (2492 turns).

Mgcat the Digger (Draconian Earth Elementalist)     Turns: 2492, Time: 00:21:32

Health: -3/45      AC:  8    Str: 10    XL:     6   Next: 6%
Magic:  12/12      EV: 12    Int: 17    God:
Gold:   93         SH:  0    Dex: 12    Spells: 9/13 levels left

rFire    + . .     SeeInvis .   e - +0 mace
rCold    . . .     Gourm    .   (no shield)
rNeg     + . .     Faith    .   (armour unavailable)
rPois    .         Spirit   .   (helmet restricted)
rElec    .         Reflect  .   y - +0 cloak
rCorr    .         Harm     .   (no gloves)
MR       .....                  q - +0 pair of boots
Stlth    ++........             w - amulet of magic regeneration
Regen    0.2/turn               i - ring of protection from fire
MPRegen  0.2/turn               k - ring of positive energy

@: no status effects
A: unfitting armour, cold-blooded, AC +6
a: no special abilities


You were on level 3 of the Dungeon.
You were very hungry.

You visited 1 branch of the dungeon, and saw 4 of its levels.

You collected 93 gold pieces.

Inventory:

Hand Weapons
 e - a +0 mace (weapon)
Armour
 h - a +0 robe
 q - a +0 pair of boots (worn)
 y - a +0 cloak (worn)
Jewellery
 f - a +4 ring of strength {unknown}
 i - a ring of protection from fire (left hand)
 k - a ring of positive energy (right hand)
 w - an amulet of magic regeneration (around neck)
Scrolls
 a - 2 scrolls of teleportation {unknown}
 l - a scroll of remove curse {unknown}
 m - a scroll of blinking {unknown}
 o - 2 scrolls of enchant weapon {unknown}
 s - 3 scrolls of identify {unknown}
 u - a scroll of random uselessness {unknown}
 z - a scroll of immolation {unknown}
Potions
 j - a potion of curing
 n - a potion of cancellation {unknown}
 p - a potion of lignification {unknown}
 r - a potion of degeneration {unknown}
 v - a potion of invisibility {unknown}
 x - a potion of resistance {unknown}
 B - a potion of magic {unknown}
 C - a potion of agility {unknown}
Books
 d - a book of Geomancy

   Spells                             Type                      Level
   a - Sandblast                      Earth                        1
   b - Passwall                       Transmutation/Earth          2
   c - Stone Arrow                    Conjuration/Earth            3
   d - Petrify                        Transmutation/Earth          4
   e - Lee's Rapid Deconstruction     Earth                        5
Comestibles
 c - 5 bread rations
 g - 2 meat rations
 t - a royal jelly


   Skills:
 - Level 1.7 Dodging
 - Level 1.7 Stealth
 + Level 4.4 Spellcasting
   Level 1.0 Transmutations
 + Level 5.2 Earth Magic


You had 9 spell levels left.
You knew the following spells:

 Your Spells              Type           Power        Failure   Level  Hunger
a - Sandblast             Erth           ###...       1%          1    None
b - Stone Arrow           Conj/Erth      ##....       16%         3    ###....


Dungeon Overview and Level Annotations

Branches:
Dungeon (4/15)
 Temple: D:4-7

Altars:
Okawaru

Annotations:
D:3 Pikel


Innate Abilities, Weirdness & Mutations

Your plain brown scales are hard. (AC +6)
You cannot fit into any form of body armour.
You are cold-blooded and may be slowed by cold attacks.


Message History

Pikel is heavily wounded.
Pikel closely misses you. Pikel barely misses you.
You barely miss Pikel.
Your tail-slap misses Pikel.
Pikel is heavily wounded.
Pikel hits you with a whip of flaming!
* * * LOW HITPOINT WARNING * * *
Pikel burns you.
* * * LOW HITPOINT WARNING * * *
You closely miss Pikel. You tail-slap Pikel, but do no damage.
Pikel is heavily wounded.
Pikel hits you with a whip of flaming.
* * * LOW HITPOINT WARNING * * *
Pikel burns you.
* * * LOW HITPOINT WARNING * * *
You barely miss Pikel.
Pikel is heavily wounded.
Pikel hits you with a whip of flaming.
* * * LOW HITPOINT WARNING * * *
Pikel hits you with a whip of flaming.
You die...

......♣..♣♣♣.♣♣♣..#
......♣..♣♣♣♣♣ ♣..#
.......♣♣.♣♣♣♣♣♣..#
......♣♣.♣♣♣.♣...##
..#....♣.♣..♣♣♣♣.#
.....♣.♣...♣._♣♣.#
..>...♣♣♣..♣♣♣♣♣K#
##...♣.♣♣♣♣♣ ♣K#
#....♣..♣♣ ♣♣@#
#....♣...♣ ♣..#
#......### ####
#...#### #...#
##...# .....#
.##### .#


You could see Pikel and a kobold.

Vanquished Creatures
  A slave (D:4)
  2 ogres (D:4)
  A scorpion (D:4)
  2 adders
  3 worms
  A dart slug (D:1)
  2 leopard geckos
  A ball python (D:1)
  A bat (D:2)
  2 giant cockroaches
  5 goblins
  4 hobgoblins
  4 jackals (D:2)
  6 frilled lizards
  4 kobolds
  4 rats
43 creatures vanquished.

Notes
Turn   | Place    | Note
-------+----------+-------------------------------------------
     0 | D:1      | Mgcat the Draconian Earth Elementalist began the quest for the Orb.
     0 | D:1      | Reached XP level 1. HP: 14/14 MP: 3/3
   323 | D:1      | Reached XP level 2. HP: 18/20 MP: 5/5
  1017 | D:2      | Reached XP level 3. HP: 18/26 MP: 0/7
  1103 | D:2      | Learned a level 3 spell: Stone Arrow
  1723 | D:3      | Found a faded altar of an unknown god.
  1974 | D:4      | Found an iron altar of Okawaru.
  2027 | D:4      | Noticed an ogre
  2033 | D:4      | Killed an ogre
  2033 | D:4      | Reached skill level 4 in Earth Magic
  2033 | D:4      | Reached XP level 4. HP: 33/33 MP: 4/9
  2033 | D:4      | Reached XP level 5. HP: 38/38 MP: 4/10
  2293 | D:4      | Noticed Pikel
  2293 | D:4      | Noticed a slave
  2293 | D:4      | Noticed a slave
  2293 | D:4      | Noticed an ogre
  2294 | D:4      | Noticed a slave
  2295 | D:4      | Noticed a slave
  2304 | D:4      | Killed an ogre
  2304 | D:4      | Reached skill level 5 in Earth Magic
  2304 | D:4      | Reached XP level 6. HP: 45/45 MP: 8/12
  2377 | D:4      | Killed a slave
  2492 | D:3      | Slain by Pikel

Skill      XL: |  1  2  3  4  5 |
---------------+----------------+-----
Spellcasting   | 3 4 |  4.4
Earth Magic    | 4 5 |  5.2
Dodging        | |  1.7
Stealth        | |  1.7
Transmutations | |  1.0

Action                   |  1- 3 |  4- 6 || total
-------------------------+-------+-------++-------
Melee: Unarmed           |     9 |       ||     9
       Mace              |    24 |    13 ||    37
       Tailslap          |     4 |     3 ||     7
 Cast: Sandblast         |    50 |    40 ||    90
 Stab: Sleeping          |     1 |       ||     1
  Eat: Chunk             |     3 |     1 ||     4
Armor: Skin              |    11 |     7 ||    18
Dodge: Dodged            |    36 |    25 ||    61
